 Dungeon Crawl Stone Soup version 0.28-a0-407-g69098e2f6d (console) character file.

Game seed: 5435522682342861050

96 jejorda2 the Firebug (level 4, -3/36 HPs)
             Began as a Hill Orc Fire Elementalist on Sept 6, 2021.
             Slain by a gnoll (7 damage)
             ... on level 4 of the Dungeon.
             The game lasted 00:09:27 (2976 turns).

jejorda2 the Firebug (Hill Orc Fire Elementalist)   Turns: 2976, Time: 00:09:28

Health: -3/36      AC:  5    Str: 10    XL:     4   Next: 67%
Magic:  1/7        EV: 12    Int: 16    God:
Gold:   105        SH:  0    Dex: 11    Spells: 4/7 levels left

rFire   . . .      SeeInvis .   i - +1 whip (venom)
rCold   . . .      Faith    .   (no shield)
rNeg    . . .      Spirit   .   a - +0 robe
rPois   .          Reflect  .   n - +2 helmet
rElec   .          Harm     .   (no cloak)
rCorr   .          Rampage  .   (no gloves)
Will    .....                   (no boots)
Stlth   ++........              (no amulet)
HPRegen 0.12/turn               (no ring)
MPRegen 0.10/turn               (no ring)

@: no status effects
A: no striking features
a: no special abilities


You were on level 4 of the Dungeon.
You visited 1 branch of the dungeon, and saw 4 of its levels.

You collected 105 gold pieces.

Inventory:

Hand Weapons
 d - a +0 dagger
 i - a +1 whip of venom (weapon)
 s - a +2 war axe of venom
Missiles
 f - 83 stones
 u - 2 throwing nets
Armour
 a - a +0 robe (worn)
 n - a +2 helmet (worn)
Scrolls
 b - a scroll of amnesia {unknown}
 c - 4 scrolls of identify {unknown}
 e - 2 scrolls of teleportation {unknown}
 l - a scroll of enchant armour {unknown}
 m - a scroll of immolation {unknown}
 o - a scroll of torment {unknown}
 t - 3 scrolls of fear {unknown}
Potions
 g - a potion of ambrosia {unknown}
 h - a potion of cancellation {unknown}
 j - a potion of heal wounds {unknown}
 k - a potion of lignification {unknown}
 p - a potion of invisibility {unknown}
 q - a potion of degeneration {unknown}
 r - a potion of haste {unknown}


   Skills:
 + Level 2.2 Fighting
 - Level 1.5 Dodging
 - Level 1.5 Stealth
 + Level 2.2 Spellcasting
 + Level 3.0 Conjurations
 * Level 3.3 Fire Magic


You had 4 spell levels left.
You knew the following spells:

 Your Spells              Type           Power      Damage    Failure   Level
a - Foxfire               Conj/Fire      48%        2x1d6     5%          1
b - Scorch                Fire           24%        2d6       8%          2

Your spell library contained the following spells:

 Spells                   Type           Power      Damage    Failure   Level
 Static Discharge         Conj/Air       6%         N/A       16%         2
 Conjure Flame            Conj/Fire      12%        6-21      16%         3
 Freeze                   Ice            4%         1d3       21%         1
 Inner Flame              Hex/Fire       7%         N/A       30%         3
 Flame Wave               Conj/Fire      12%        3d4       47%         4
 Frozen Ramparts          Ice            2%         1d2       52%         3
 Hailstorm                Conj/Ice       6%         3d4       71%         4
 Lightning Bolt           Conj/Air       3%         1d14      96%         5
 Maxwell's Capacitive Co  Air            0%         ∞         100%        8


Dungeon Overview and Level Annotations

Branches:
Dungeon (4/15)
 Temple: D:4-7

Altars:
Ru

Annotations:
D:4 Pikel


Message History

Items here: ) †.
u - 2 throwing nets (gained 1)
The gnoll shouts!
A gnoll comes into view. It is wielding a +0 spear.
The gnoll hits you from afar with a +1 spear of flaming.
The gnoll burns you.
Casting: Foxfire (safe; 5% risk of failure)
Confirm with . or Enter, or press ? or * to list all spells.
You conjure some foxfire!
Casting: Foxfire (safe; 5% risk of failure)
Confirm with . or Enter, or press ? or * to list all spells.
Flames lash the gnoll.
The gnoll is lightly wounded.
The gnoll's fire resistance burns away.
The foxfire hits the gnoll.
The gnoll is moderately wounded.
The foxfire hits the gnoll.
The gnoll is heavily wounded.
The gnoll hits you from afar with a +1 spear of flaming.
The gnoll burns you.
Casting: Scorch (safe; 8% risk of failure)
Confirm with . or Enter, or press ? or * to list all spells.
Flames lash the gnoll.
The gnoll is burned terribly!
You kill the gnoll!
You hear a shout!
The gnoll hits you from afar with a +1 spear of flaming!
The gnoll burns you.
Casting: Scorch (safe; 8% risk of failure)
Confirm with . or Enter, or press ? or * to list all spells.
Flames lash the gnoll.
The gnoll is almost dead.
The gnoll's fire resistance burns away.
The gnoll hits you from afar with a +1 spear of flaming!
* * * LOW HITPOINT WARNING * * *
The gnoll burns you.
* * * LOW HITPOINT WARNING * * *
Unknown command.
Unknown command.
The gnoll is no longer more vulnerable to fire.
The gnoll hits you from afar with a +1 spear of flaming!
You die...

#.#.....# #.+.....+
###.....# #.....#
#.....# #######.....#
#..........## ..g#..
#..........# ......
#...@......# ......
#..........# .....g
#.g........# ......
###g.........# ......
#............#
......#####............#
..................######
.......)...)......#
.(................#


You could see 2 gnolls.

Vanquished Creatures
  4 adders
  2 gnolls (D:4)
  A worm (D:2)
  2 orcs
  A ball python (D:4)
  5 endoplasms
  2 giant cockroaches
  2 goblins
  A hobgoblin (D:2)
  4 jackals (D:2)
  4 kobolds
  A bat (D:2)
  5 frilled lizards
  3 rats
37 creatures vanquished.

Vanquished Creatures (others)
  41 foxfires
41 creatures vanquished.

Grand Total: 78 creatures vanquished

Notes
Turn   | Place    | Note
-------+----------+-------------------------------------------
     0 | D:1      | jejorda2 the Hill Orc Fire Elementalist began the quest for
                  | the Orb.
     0 | D:1      | Reached XP level 1. HP: 14/14 MP: 3/3
   529 | D:1      | Reached XP level 2. HP: 14/22 MP: 1/4
  1019 | D:1      | Learned a level 2 spell: Scorch
  1065 | D:2      | Reached skill level 1 in Fighting
  1226 | D:2      | Reached XP level 3. HP: 28/28 MP: 1/5
  2162 | D:3      | Reached XP level 4. HP: 36/36 MP: 2/7
  2286 | D:3      | Found a faded altar of an unknown god.
  2482 | D:3      | Found a sacrificial altar of Ru.
  2756 | D:4      | Noticed Pikel
  2756 | D:4      | Noticed a lemure
  2756 | D:4      | Noticed a lemure
  2756 | D:4      | Noticed a water moccasin
  2757 | D:4      | Noticed a lemure
  2976 | D:4      | Slain by a gnoll

Illustrated notes

Levels and vault maps discovered:
D:1:      co_arrival_square_in_a_square_in_a_square, layout_basic,
          minmay_misc_feat_five
D:2:      layout_basic, minmay_misc_feat_enclosed
D:3:      layout_loops_ring, mainiacjoe_overflow_six_doors_small,
          dreamdust_ecumenical_altar_statues
D:4:      layout_basic, mainiacjoe_overflow_chevrons, minmay_temple_entry_waves,
          uniq_pikel

Skill      XL: |  1  2  3  4 |
---------------+-------------+-----
Fighting       | 1 2 |  2.2
Conjurations   | 2 3 |  3.0
Spellcasting   | 2 |  2.2
Dodging        | |  1.5
Stealth        | |  1.5
Fire Magic     | |  3.3

Action                   |  1- 3 |  4- 6 || total
-------------------------+-------+-------++-------
Melee: Dagger            |     5 |       ||     5
       Whip              |    27 |    26 ||    53
 Cast: Foxfire           |    18 |     8 ||    26
       Scorch            |    13 |     5 ||    18
 Stab: Sleeping          |       |     1 ||     1
Armor: Robe              |     3 |    15 ||    18
Dodge: Dodged            |    20 |    14 ||    34

Table legend: (Time is in decaauts)
 A = Elapsed time spent in this place.
 B = Non-inter-level travel time spent in this place.
 C = Inter-level travel time spent in this place.
 D = Time resting spent in this place.
 E = Time spent auto-exploring this place.
 F = Levels seen in this place.
 G = Mean time per level.
                   A        B        C        D        E       F      G
               +--------+--------+--------+--------+--------+-----+--------+
         Total |   2980 |   2841 |    139 |     26 |   2465 |   4 |  745.0 |
       Dungeon |   2980 |   2841 |    139 |     26 |   2465 |   4 |  745.0 |
               +--------+--------+--------+--------+--------+-----+--------+

Top non-repeatable levels by time:
     D:1: 1033 daAuts
     D:2: 946 daAuts
     D:3: 813 daAuts
     D:4: 188 daAuts
